 Dungeon Crawl Stone Soup version 0.30-b1-2-g02819fbbbe (webtiles) character file.

Game seed: 3081395996377761144

92723 LLlMATKO the Warrior (level 15, -15/219 (226) HPs)
             Began as a Minotaur Berserker on Aug 31, 2023.
             Was a High Priest of Trog.
             Demolished by a bunyip (23 damage)
             ... on level 1 of the Swamp.
             The game lasted 00:32:31 (28091 turns).

LLlMATKO the Warrior (Minotaur Berserker)          Turns: 28091, Time: 00:32:32

HP:   -15/219 (226) AC: 18    Str: 34    XL:     15   Next: 58%
MP:   14/14         EV: 14    Int:  3    God:    Trog [*****.]
Gold: 2418          SH: 22    Dex: 11    Spells: 14/14 levels left

rFire   + + .        j - +0 broad axe (heavy)
rCold   + + +        t - +0 tower shield
rNeg    . . .        B - +0 chain mail "Vicelif" {rPois Int+3}
rPois   +            (helmet restricted)
rElec   .            Z - +2 cloak
rCorr   .            X - +1 pair of gloves
SInv    +            W - +1 pair of boots
Will    +++..        A - amulet of reflection Stlth
                     N - +6 ring of strength
HPRegen 1.56/turn    T - ring of Fotad {Fly rF++ rC+++ Int-4 SInv}
MPRegen 0.14/turn

%: reflection
@: berserking (expiring), strong-willed, corroded, flying, regenerating,
studying Stealth, lightly drained, very quick
A: horns 2, retaliatory headbutt
a: Renounce Religion, Berserk, Trog's Hand, Brothers in Arms


You were on level 1 of the Swamp.
You worshipped Trog.
Trog was extremely pleased with you.
You visited 4 branches of the dungeon, and saw 23 of its levels.
You also visited: Sewer and Gauntlet.

You collected 2770 gold pieces.
You spent 352 gold pieces at shops.

Inventory:

Hand Weapons
 j - a +0 heavy broad axe (weapon)
 n - a +6 whip of venom
 E - a +4 hand axe of electrocution
 R - a +2 hand axe of freezing
Missiles
 f - 26 boomerangs (quivered)
 g - 34 poisoned darts
 p - 6 throwing nets
 u - 5 atropa-tipped darts
 V - 5 silver javelins
Armour
 i - a +2 chain mail of willpower
 t - a +0 tower shield (worn)
 B - the +0 chain mail "Vicelif" (worn) {rPois Int+3}
   (You bought it in a shop on level 2 of the Orcish Mines)

   Int:       It affects your intelligence (+3).
   rPois:     It protects you from poison.
 W - a +1 pair of boots (worn)
 X - a +1 pair of gloves (worn)
 Z - a +2 cloak (worn)
Jewellery
 v - a ring of fire
 A - an amulet of reflection (around neck)
 C - a +6 ring of dexterity
 N - a +6 ring of strength (left hand)
 S - a +6 ring of strength
 T - the ring of Fotad (right hand) {Fly rF++ rC+++ Int-4 SInv}
   (You found it in a Gauntlet)

   [ring of flight]

   Int:       It affects your intelligence (-4).
   rF:        It greatly protects you from fire.
   rC:        It renders you almost immune to cold.
   SInv:      It lets you see invisible.
   Fly:       It grants you flight.
 U - the ring of Seghid {rElec rCorr Dex+2}
   (You took it off a minotaur in a Gauntlet)

   [ring of resist corrosion]

   Dex:       It affects your dexterity (+2).
   rElec:     It insulates you from electricity.
   rCorr:     It protects you from acid and corrosion.
Wands
 w - a wand of flame (25)
 I - a wand of charming (15)
 K - a wand of iceblast (23)
 Q - a wand of polymorph (9)
Scrolls
 e - 4 scrolls of blinking
 h - 3 scrolls of poison
 m - 21 scrolls of identify
 x - 4 scrolls of vulnerability
 y - 6 scrolls of immolation
 D - 4 scrolls of enchant weapon
 F - 4 scrolls of teleportation
 G - a scroll of summoning {unknown}
 H - 4 scrolls of fog
 L - 2 scrolls of fear
 M - 2 scrolls of silence
 Y - a scroll of enchant armour {unknown}
Potions
 a - a potion of magic {unknown}
 b - 3 potions of degeneration {unknown}
 c - 6 potions of cancellation {unknown}
 d - 3 potions of invisibility {unknown}
 k - 7 potions of might {unknown}
 l - 2 potions of ambrosia {unknown}
 o - 3 potions of berserk rage
 q - 4 potions of haste {unknown}
 r - 6 potions of mutation {unknown}
 s - 13 potions of curing {unknown}
 z - 5 potions of heal wounds {unknown}
 J - 2 potions of lignification {unknown}
 O - a potion of experience {unknown}
 P - a potion of attraction {unknown}


   Skills:
 + Level 18.9 Fighting
 + Level 15.7 Axes
 + Level 15.6 Armour
 + Level 14.3 Dodging
 + Level 14.3 Shields


You had 14 spell levels left.
You didn't know any spells.
Your spell library was empty.

Dungeon Overview and Level Annotations

Branches:
Dungeon (15/15)            Temple (0/1) D:4            Lair (5/5) D:11
  Swamp (1/4) Lair:2        Snake (0/4) Lair:3        Slime (0/5) Lair:4
    Orc (2/2) D:10            Elf (0/3) Orc:2        Vaults (0/5) D:14
 Depths (0/4) D:15          Sewer (visited)         Gauntlet (visited)

Altars:
Ashenzari
Fedhas
Gozag
Hepliaklqana
Nemelex Xobeh
Ru
Sif Muna
Trog
Uskayaw
Jiyva

Shops:
Orc:2 [([!

Annotations:
D:11 3 runed translucent doors, Termiter's ghost, journeyman DsNe; coenern's ghost, journeyman DrFE


Innate Abilities, Weirdness & Mutations

You have a pair of horns on your head.
You reflexively headbutt those who attack you in melee.


Message History

The profane servitor hits you but does no damage.
You block the bunyip's attack. The bunyip claws you!!
* * * LOW HITPOINT WARNING * * *
You block the bunyip's attack. You block Mlioglotl's attack.
Mlioglotl tramples you!
* * * LOW HITPOINT WARNING * * *
You hold your ground!
You block the goliath frog's attack.
Unknown command.
You hit Mlioglotl but do no damage.
Mlioglotl is almost dead.
You closely miss the profane servitor. You slice the bunyip!!
The profane servitor hits you but does no damage.
You block the profane servitor's attack.
You block the goliath frog's attack.
Mlioglotl churns violently!
Mlioglotl radiates an aura of fear!
You easily resist.
The goliath frog closely misses you.
The profane servitor hits you but does no damage.
The profane servitor misses you.
Unknown command.
Unknown command.
You carve Mlioglotl like a ham!!!
You kill Mlioglotl!
Trog accepts your kill.
The profane servitor disappears in a puff of smoke!
You slice the bunyip!! You block the goliath frog's attack. x2
Unknown command.
Unknown command.
Unknown command.
You closely miss the bunyip. Your headbutt misses the bunyip.
The bunyip is severely wounded.
You slice the swamp drake!! You block the goliath frog's attack.
The goliath frog hits you from afar!
* * * LOW HITPOINT WARNING * * *
The acid corrodes you!
You are splashed with acid!
* * * LOW HITPOINT WARNING * * *
The swamp drake breathes poison at you.
The noxious blast engulfs you but does no damage.
You resist. The bunyip claws you!!
You die...

♣[ ♣♣. ♣♣♣..
♣♣♣..~~♣♣
...~~~..♣
~~~.~~~~♣♣
~.~.~~~○~♣♣ .♣
♣.~~~~~~○○♣♣.~~♣
♣.♣.~~F§@k#..♣
♣...○○x♣~~~.~.
♣♣.~~~○F~.♣~~~
♣.~~..~~....♣
♣....~~..♣~.
♣♣.~...)~~~~~
.~~.~......~
♣♣~~.~.♣~~♣~
♣♣..~~~..♣


You could see a bunyip, 2 goliath frogs and a swamp drake (catching breath).

Vanquished Creatures
  Mlioglotl (Swamp:1)
  Kirke (D:15)
  Roxanne (D:15)
  Louise (D:14)
  A minotaur (Gauntlet)
  Snorg (D:11)
  2 fire dragons (D:15)
  A vault guard (D:14)
  10 hydras
  7 two-headed ogres
  A centaur warrior (D:14)
  3 catoblepae
  5 boulder beetles
  A merfolk avatar (Lair:5)
  5 death yaks
  A tengu warrior (D:15)
  3 orc high priests (Orc:2)
  Nergalle (D:12)
  A fire crab (Lair:4)
  3 skysharks
  5 slime creatures (D:15)
  2 sea snakes (Lair:5)
  A deep elf pyromancer (D:14)
  2 orc sorcerers (Orc:2)
  An oklob plant (Gauntlet)
  2 cyclopes
  9 ugly things
  3 manticores
  Maurice (D:13)
  7 black mambas
  12 elephants
  A torpor snail (Lair:1)
  10 cane toads
  A gargoyle (D:11)
  2 unseen horrors
  A kobold demonologist (D:13)
  5 rime drakes
  A tengu conjurer (D:14)
  11 komodo dragons
  3 meliai (D:15)
  5 trolls
  5 polar bears
  3 hornets
  12 blink frogs
  A snapping turtle (Lair:5)
  A blink frog (shapeshifter) (D:13)
  4 flying skulls (Gauntlet)
  2 centaur simulacra (Gauntlet)
  A water elemental (D:13)
  4 shadows
  4 wraiths
  8 wyverns
  51 yaks
  A vampire (D:13)
  A human (D:15)
  3 basilisks
  2 hogs (D:15)
  6 steam dragons
  A warg (Orc:1)
  Menkaure (D:7)
  4 vampire mosquitoes
  3 acid dragons
  4 nagas (Lair:3)
  A hydra simulacrum (Gauntlet)
  21 water moccasins
  Duvessa (D:7)
  Pargi (Sewer)
  28 orc warriors
  An ice beast (D:6)
  2 sky beasts
  3 black bears
  6 ogres
  5 wolves (Lair:4)
  11 centaurs
  3 kobold brigands
  19 bullfrogs
  A gnoll sergeant (D:6)
  4 scorpions
  3 wights (D:7)
  Dowan (D:7)
  6 killer bees (D:9)
  3 howler monkeys
  An electric eel (Lair:5)
  2 hounds
  3 jellies
  21 orc priests
  2 iguanas
  28 orc wizards
  A boggart simulacrum (Gauntlet)
  3 gnolls
  4 adders
  A white imp (D:7)
  3 ufetubi
  2 dart slugs
  118 orcs
  6 bats
  7 endoplasms
  5 giant cockroaches
  7 goblins
  12 hobgoblins
  6 jackals
  32 kobolds
  7 quokkas
  10 ball pythons
  9 frilled lizards
  3 rats
670 creatures vanquished.

Vanquished Creatures (collateral kills)
  Saint Roka (Orc:2)
  An orc warlord (Orc:1)
  A boulder beetle (Lair:5)
  A skyshark (Lair:5)
  A wizard (D:14)
  An orc sorcerer (Orc:2)
  A black mamba (Lair:4)
  3 elephants (Lair:4)
  2 orc warriors (Orc:2)
  An orc priest (Orc:1)
  2 orc wizards
  A gnoll (Orc:1)
  6 orcs (Orc:2)
22 creatures vanquished.

Vanquished Creatures (others)
  2 humans (D:15)
  An orc warrior (D:9)
  3 bushes (D:11)
  16 fungi
  84 plants
106 creatures vanquished.

Grand Total: 798 creatures vanquished

Notes
Turn   | Place    | Note
-------+----------+-------------------------------------------
     0 | D:1      | LLlMATKO the Minotaur Berserker began the quest for the
                  | Orb.
     0 | D:1      | Reached XP level 1. HP: 19/19 MP: 0/0
   100 | D:1      | Reached XP level 2. HP: 26/27 MP: 1/1
   210 | D:1      | Reached skill level 4 in Fighting
   295 | D:1      | Reached XP level 3. HP: 33/33 MP: 2/2
   536 | D:1      | Reached ** piety under Trog
  1026 | D:2      | Reached XP level 4. HP: 20/40 MP: 3/3
  1761 | D:3      | Found an opulent altar of Gozag.
  1820 | D:3      | Noticed a black bear
  1828 | D:3      | Killed a black bear
  1829 | D:3      | Reached XP level 5. HP: 47/47 MP: 4/4
  2088 | D:3      | Found a bloodstained altar of Trog.
  2457 | D:4      | Reached skill level 5 in Fighting
  2457 | D:4      | Reached skill level 5 in Axes
  2475 | D:4      | Found a staircase to the Ecumenical Temple.
  2496 | D:4      | Reached XP level 6. HP: 26/56 MP: 5/5
  2503 | D:4      | Reached *** piety under Trog
  2982 | D:4      | Found a broken altar of Ashenzari.
  3150 | D:5      | Entered Level 5 of the Dungeon
  3275 | D:5      | Reached skill level 5 in Armour
  3275 | D:5      | Reached XP level 7. HP: 60/62 MP: 6/6
  3458 | D:5      | Reached skill level 6 in Fighting
  3525 | D:5      | Found a sacrificial altar of Ru.
  3597 | D:5      | Reached skill level 5 in Dodging
  4461 | D:6      | Found a glowing drain.
  4484 | Sewer    | Entered a sewer
  4514 | Sewer    | Noticed Pargi
  4534 | Sewer    | Killed Pargi
  4793 | D:6      | Found a hazy altar of Hepliaklqana.
  4794 | D:6      | Found a faded altar of an unknown god.
  4978 | D:6      | Reached XP level 8. HP: 64/71 MP: 7/7
  5020 | D:6      | Reached skill level 7 in Fighting
  5020 | D:6      | Reached skill level 1 in Shields
  5714 | D:7      | Noticed Menkaure
  5719 | D:7      | Killed Menkaure
  5720 | D:7      | Reached skill level 8 in Fighting
  5834 | D:7      | Noticed Duvessa
  5835 | D:7      | Noticed Dowan
  5845 | D:7      | Killed Duvessa
  5846 | D:7      | Reached XP level 9. HP: 34/82 MP: 8/8
  6053 | D:7      | Killed Dowan
  6397 | D:8      | Reached skill level 9 in Fighting
  6577 | D:8      | Paralysed by a hornet for 2 turns
  6584 | D:8      | Reached **** piety under Trog
  6886 | D:8      | Reached skill level 10 in Fighting
  6886 | D:8      | Reached skill level 5 in Shields
  7120 | D:8      | Found a hide-covered altar of Uskayaw.
  7416 | D:9      | Reached XP level 10. HP: 94/94 MP: 9/9
  7419 | D:9      | Reached skill level 11 in Fighting
  7987 | D:9      | Reached ***** piety under Trog
  8321 | D:10     | Entered Level 10 of the Dungeon
  9118 | D:10     | Found a staircase to the Orcish Mines.
  9177 | D:10     | Reached skill level 12 in Fighting
  9365 | D:10     | Found a shimmering blue altar of Sif Muna.
  9638 | D:10     | Reached skill level 10 in Axes
  9758 | D:10     | Found a sparkling altar of Nemelex Xobeh.
  9806 | D:10     | Found a blossoming altar of Fedhas.
 10428 | D:11     | Noticed a two-headed ogre
 10434 | D:11     | Reached XP level 11. HP: 105/105 MP: 10/10
 10436 | D:11     | Killed a two-headed ogre
 10524 | D:11     | Found a runed translucent gate.
 10525 | D:11     | Found a runed translucent gate.
 10526 | D:11     | Found a runed translucent gate.
 10538 | D:11     | Noticed Termiter's ghost (journeyman DsNe)
 10538 | D:11     | Noticed a two-headed ogre
 10540 | D:11     | Noticed coenern's ghost (journeyman DrFE)
 10546 | D:11     | Killed a two-headed ogre
 10547 | D:11     | Reached skill level 13 in Fighting
 10547 | D:11     | Reached skill level 10 in Armour
 10664 | D:11     | Noticed Snorg
 10679 | D:11     | Killed Snorg
 10975 | D:11     | Found a staircase to the Lair.
 10978 | D:11     | Noticed a two-headed ogre
 10990 | D:11     | Killed a two-headed ogre
 11107 | D:11     | Noticed a boulder beetle
 11129 | D:11     | Killed a boulder beetle
 11130 | D:11     | Reached skill level 14 in Fighting
 11483 | D:11     | Identified the +5 rapier "Icwec" {holy, rElec Will+}
 11519 | D:11     | Reached skill level 10 in Dodging
 11906 | Lair:1   | Entered Level 1 of the Lair of Beasts
 12120 | Lair:1   | Reached XP level 12. HP: 117/118 MP: 11/11
 12381 | Lair:1   | Received a gift from Trog
 13263 | Lair:2   | Noticed a death yak
 13275 | Lair:2   | Killed a death yak
 13344 | Lair:2   | Noticed a death yak
 13344 | Lair:2   | Noticed a death yak
 13352 | Lair:2   | Killed a death yak
 13353 | Lair:2   | Reached skill level 15 in Fighting
 13355 | Lair:2   | Killed a death yak
 13477 | Lair:2   | Reached skill level 10 in Shields
 13661 | Lair:2   | Found a staircase to the Swamp.
 14087 | Lair:3   | Noticed a catoblepas
 14101 | Lair:3   | Killed a catoblepas
 14400 | Lair:3   | Found a staircase to the Snake Pit.
 14542 | Lair:3   | Reached skill level 16 in Fighting
 14686 | Lair:3   | Noticed an eight-headed hydra
 14700 | Lair:3   | Killed a 16-headed hydra
 15788 | Lair:4   | Reached XP level 13. HP: 117/130 MP: 12/12
 15849 | Lair:4   | You fall into a shaft and drop 1 floor!
 15849 | Lair:5   | Entered Level 5 of the Lair of Beasts
 16333 | Lair:5   | Reached skill level 17 in Fighting
 17241 | Lair:4   | Identified the +1 mace "Omelette" {holy, *Corrode rF+
                  | Dex+4}
 17260 | Lair:4   | Found a staircase to the Slime Pits.
 17342 | Lair:4   | Found a viscous altar of Jiyva.
 17549 | Lair:4   | Reached XP level 14. HP: 119/140 MP: 13/13
 20353 | D:12     | Identified the +1 scale mail of Hopscotch {Harm rC- Stlth+}
 20447 | D:12     | Noticed Nergalle
 20458 | D:12     | Killed Nergalle
 20467 | D:12     | Reached skill level 18 in Fighting
 21010 | Orc:1    | Entered Level 1 of the Orcish Mines
 21090 | Orc:1    | Noticed an orc warlord
 21107 | Orc:1    | Killed an orc warlord
 21471 | Orc:2    | Entered Level 2 of the Orcish Mines
 22508 | Orc:2    | Received a gift from Trog
 22563 | Orc:2    | Found Geiqurin's Armour Shop.
 22819 | Orc:2    | Found a staircase to the Elven Halls.
 23114 | Orc:2    | Found Makkoanoe's Distillery.
 23322 | Orc:2    | Noticed Saint Roka
 23390 | Orc:2    | Killed Saint Roka
 23391 | Orc:2    | Reached skill level 15 in Axes
 23589 | Orc:2    | Found Heis's Antique Weapon Shoppe.
 23593 | Orc:2    | Found Forot's Antique Armour Emporium.
 23886 | D:13     | Noticed Maurice
 23892 | D:13     | Killed Maurice
 23962 | D:13     | You fall into a shaft and drop 2 floors!
 23962 | D:15     | Entered Level 15 of the Dungeon
 24072 | D:15     | Reached XP level 15. HP: 117/150 MP: 14/14
 24228 | D:15     | Identified Roxanne's Excursus on Variation
 24228 | D:15     | Noticed Roxanne
 24362 | D:14     | Noticed Louise
 24373 | D:14     | Killed Louise
 24374 | D:14     | Reached skill level 15 in Armour
 24794 | D:14     | Found a gate leading to a gauntlet.
 24803 | Gauntlet | Entered a Gauntlet
 24803 | Gauntlet | Found a transporter.
 24803 | Gauntlet | Found a runed translucent door.
 24803 | Gauntlet | Found a runed translucent door.
 24810 | Gauntlet | Found a transporter.
 24812 | Gauntlet | Found a transporter.
 24823 | Gauntlet | Found a transporter.
 24826 | Gauntlet | Found a transporter.
 24834 | Gauntlet | Found a transporter.
 24849 | Gauntlet | Found a runed translucent gate.
 24850 | Gauntlet | Found a transporter.
 24850 | Gauntlet | Found a runed translucent gate.
 24851 | Gauntlet | Found a runed translucent gate.
 24861 | Gauntlet | Found a transporter.
 24873 | Gauntlet | Found a transporter.
 24878 | Gauntlet | Found a transporter.
 24878 | Gauntlet | Found a transporter.
 24904 | Gauntlet | Found a transporter.
 24906 | Gauntlet | Found a transporter.
 24959 | Gauntlet | Found a transporter.
 25132 | Gauntlet | Identified the ring of Fotad {Fly rF++ rC+++ Int-4 SInv}
 25193 | Gauntlet | Identified the +9 rapier of Zamey {flame, rC+ rN+ Str+3}
 25193 | Gauntlet | Identified the ring of Seghid {rElec rCorr Dex+2}
 25327 | D:14     | Found a gate to the Vaults.
 25697 | D:14     | Found a gate to the Vaults.
 27066 | D:15     | Found a staircase to the Depths.
 27388 | D:15     | Noticed Kirke
 27396 | D:15     | Killed Kirke
 27652 | D:15     | Killed Roxanne
 27882 | Orc:2    | Bought the +0 chain mail "Vicelif" {rPois Int+3} for 352
                  | gold pieces
 28077 | Swamp:1  | Entered Level 1 of the Swamp
 28077 | Swamp:1  | Noticed Mlioglotl
 28082 | Swamp:1  | Noticed a profane servitor
 28090 | Swamp:1  | Killed Mlioglotl
 28091 | Swamp:1  | HP: 8/219 [acid (8)]
 28091 | Swamp:1  | Demolished by a bunyip

Illustrated notes

Levels and vault maps discovered:
D:1:      eino_arrival_cavern_a, layout_loops_ring
D:2:      layout_loops_ring, hangedman_abyss_or_decor_lesser_grid,
          minmay_pentomino_t4
D:3:      layout_loops_ring, lightli_temple_of_fire, grunt_gozag_statues
D:4:      layout_cave_pools, cheibrodos_ashenzari_chains,
          minmay_temple_entry_junction, skrybe_limestone_x, nrook_campfire,
          sigmund_army
D:5:      layout_layer_cave, hangedman_ru_absence
D:6:      layout_loops_ring, beargit_hepliaklqana_dungeon_heroes,
          gup_sewer_entry_pipe
D:7:      layout_cave_pools, uniq_menkaure, uniq_duvessa
D:8:      layout_loops_ring, nicolae_uskayaw_dance_studio, minivault_26
D:9:      layout_loops_ring
D:10:     layout_stronghold, fedhas_altar_fruit_tree,
          nicolae_sif_muna_condensation, nemelex_altar_shiori, hiddenorc1_lemuel
D:11:     layout_small_grid, minmay_lair_entry_grove, gammafunk_ghost_cemetery,
          uniq_snorg
D:12:     layout_basic, special_room [special_room_orc], hex_medium,
          uniq_nergalle
D:13:     layout_roguey, fungi_pond_lemuel, uniq_maurice
D:14:     layout_basic, david_vaults_5, nicolae_elevator_lobby_asterisk,
          gauntlet_entry_generic, uniq_louise
D:15:     grunt_enter_depths_hoard, layout_irregular_city,
          hangedman_abyss_or_decor_passed, uniq_roxanne, uniq_kirke
Lair:1:   layout_hall_layers, infiniplex_staircase_pool
Lair:2:   layout_long_grid, swamp_mist, st_stairs_9
Lair:3:   layout_chaotic_city, minmay_snake_entry_guardpost_small
Lair:4:   nzn_winding_woodlands_large [nzn_winding_woodlands_5x5_three,
          nzn_winding_woodlands_5x15_sawtooth,
          nzn_winding_woodlands_5x5_checkerboard,
          nzn_winding_woodlands_center_diamonds,
          nzn_winding_woodlands_15x15_boxy_spiral,
          nzn_winding_woodlands_center_lodge,
          nzn_winding_woodlands_5x5_open_star,
          nzn_winding_woodlands_5x15_crooked,
          nzn_winding_woodlands_5x5_closed_star], layout_regular_city,
          slime_entry_1
Lair:5:   gammafunk_lair_ancient_temple, layout_gridlike, lemuel_fruit_tree
Swamp:1:  layout_falls_marsh, evilmike_swamp_ruin_house_3, uniq_mlioglotl
Orc:1:    layout_diamond_mine, basic_altar, abandoned_shop
Orc:2:    grunt_orc_community_town_hall, layout_diamond_mine,
          grunt_orc_community_big_house_2, grunt_orc_community_big_house_1,
          grunt_orc_community_house_3, grunt_orc_community_house_2,
          grunt_orc_community_house_3, grunt_orc_community_house_2,
          grunt_orc_community_house_3, basic_altar

Skill      XL: |  1  2  3  4  5  6  7  8  9 10 11 12 13 14 15 |
---------------+----------------------------------------------+-----
Fighting       | 4 5 6 8 10 12 14 16 17 18 | 18.9
Axes           | 4 5 6 7 8 10 11 12 13 15 | 15.7
Armour         | 3 4 5 6 7 8 9 11 12 13 14 15 | 15.6
Dodging        | 3 4 5 6 7 9 10 11 12 13 14 | 14.3
Shields        | 3 5 7 9 10 12 13 14 | 14.3

Action                     |  1- 3 |  4- 6 |  7- 9 | 10-12 | 13-15 || total
---------------------------+-------+-------+-------+-------+-------++-------
  Melee: Hand axe          |    71 |   134 |   274 |   507 |   543 ||  1529
         Headbutt          |    10 |    21 |    49 |   116 |   202 ||   398
         Punch             |       |     2 |     7 |     3 |       ||    12
         Broad axe         |       |       |       |       |   285 ||   285
  Throw: Boomerang         |     1 |       |       |     6 |    10 ||    17
         Dart              |       |       |       |       |    11 ||    11
 Invoke: Berserk           |       |     3 |     3 |     9 |    19 ||    34
         Brothers in Arms  |       |       |       |       |     6 ||     6
         Trog's Hand       |       |       |       |       |    11 ||    11
    Use: Scroll            |       |       |       |       |    15 ||    15
   Stab: Petrified         |       |       |       |       |     8 ||     8
         Petrifying        |       |       |       |       |     2 ||     2
         Distracted        |       |       |       |       |     2 ||     2
 Armour: Animal skin       |    12 |     6 |       |       |       ||    18
         Plate armour      |       |    97 |   198 |   163 |   136 ||   594
         Chain mail        |       |       |       |       |   131 ||   131
  Dodge: Dodged            |    56 |    71 |    97 |   181 |   245 ||   650
  Block: Other             |       |       |    44 |    48 |       ||    92
         Reflection        |       |       |     4 |     5 |    23 ||    32
         Kite shield       |       |       |       |   139 |   557 ||   696
         Tower shield      |       |       |       |       |    60 ||    60
